 Dungeon Crawl Stone Soup version 0.30.1-11-g7821555f0a (webtiles) character file.

Game seed: 18003683233928393409

23538 cent the Markskobold (level 13, -3/95 HPs)
             Began as a Kobold Hunter on Nov 14, 2023.
             Was a Plaything of Xom.
             Slain by a cane toad (5 damage)
             ... while petrified by a basilisk
             ... on level 1 of the Lair of Beasts.
             The game lasted 00:26:13 (12490 turns).

cent the Markskobold (Kobold Hunter)               Turns: 12490, Time: 00:26:14

Health: -3/95      AC: 15    Str:  6    XL:     13   Next: 36%
Magic:  13/13      EV:  3    Int: 10    God:    Xom [*.....]
Gold:   661        SH:  0    Dex: 20    Spells: 12/12 levels left

rFire   . . .        k - +2 arbalest (elec)
rCold   + . .        (shield currently unavailable)
rNeg    + + +        s - +1 leather armour {rPois}
rPois   ∞            B - +0 helmet
rElec   .            i - +0 cloak
rCorr   .            F - +0 pair of gloves
SInv    .            y - +2 pair of boots
Will    .....        n - amulet of reflection
Stlth   ++++         g - +4 ring of protection
HPRegen 0.35/turn    P - +5 ring of evasion
MPRegen 0.13/turn

%: reflection
@: lethally poisoned (-3 -> -3), petrified
A: small, no large weapons, nightstalker 3, clumsy 1, cold resistance 1, dopey
1, robust 1, weak 1
a: Renounce Religion


You were on level 1 of the Lair of Beasts.
You worshipped Xom.
You were a special plaything of Xom.
You visited 3 branches of the dungeon, and saw 13 of its levels.
You also visited: Ossuary.

You collected 703 gold pieces.
You spent 42 gold pieces at shops.

Inventory:

Hand Weapons
 k - a +2 arbalest of electrocution (weapon)
 x - a +2 triple crossbow of freezing
Armour
 i - a +0 cloak (worn)
 o - a +2 robe of cold resistance
 s - a +1 leather armour of poison resistance (worn)
 y - a +2 pair of boots (worn)
 B - a +0 helmet (worn)
 F - a +0 pair of gloves (worn)
Jewellery
 f - the ring "Peixostra" {rN+ Str+3}
   (You found it on level 7 of the Dungeon)

   [ring of positive energy]

   Str:       It affects your strength (+3).
   rN:        It protects you from negative energy.
 g - a +4 ring of protection (left hand)
 n - an amulet of reflection (around neck)
 K - an amulet of regeneration
 M - a ring of protection from fire
 P - a +5 ring of evasion (right hand)
Wands
 h - a wand of mindburst (21)
 r - a wand of roots (10)
 I - a wand of digging (10)
Scrolls
 a - a scroll of magic mapping
 b - 5 scrolls of immolation
 d - a scroll of fear
 e - 4 scrolls of poison
 p - 2 scrolls of vulnerability
 q - 3 scrolls of fog
 A - a scroll of amnesia {unknown}
 D - a scroll of identify
 E - 3 scrolls of teleportation
 G - 2 scrolls of enchant armour
 H - 2 scrolls of blinking
 N - a scroll of torment {unknown}
Potions
 c - 4 potions of heal wounds
 j - 5 potions of brilliance
 l - a potion of mutation
 m - 5 potions of resistance
 t - 5 potions of lignification
 u - a potion of ambrosia
 v - 5 potions of attraction
 w - 10 potions of curing
 z - 4 potions of might
 C - 2 potions of invisibility
 J - a potion of berserk rage
 L - a potion of cancellation
 O - a potion of haste


   Skills:
 - Level 12.3 Fighting
 * Level 17.2 Ranged Weapons
 - Level 4.1 Armour
 - Level 13.3 Dodging
 - Level 6.0 Stealth


You had 12 spell levels left.
You didn't know any spells.
Your spell library contained the following spells:

 Spells                   Type           Power      Damage    Failure   Level
 Freeze                   Ice            0%         1d3       50%         1
 Shock                    Conj/Air       0%         1d3       50%         1
 Ensorcelled Hibernation  Hex/Ice        0%         N/A       65%         2
 Lesser Beckoning         Tloc           0%         N/A       65%         2
 Passwall                 Tmut/Erth      0%         N/A       65%         2
 Frozen Ramparts          Ice            0%         1d1       86%         3
 Gell's Gravitas          Tloc           0%         N/A       86%         3
 Hailstorm                Conj/Ice       0%         3d3       86%         3
 Inner Flame              Hex/Fire       0%         N/A       86%         3
 Spider Form              Tmut/Pois      0%         N/A       86%         3
 Swiftness                Air            0%         N/A       86%         3
 Teleport Other           Tloc           0%         N/A       86%         3
 Tukima's Dance           Hex            0%         N/A       86%         3
 Airstrike                Air            0%         2d(0-16)  99%         4
 Anguish                  Hex/Necr       0%         N/A       99%         4
 Flame Wave               Conj/Fire      0%         2d4       99%         4
 Passage of Golubria      Tloc           0%         N/A       99%         4
 Sticky Flame             Conj/Fire      0%         2d3       99%         4
 Yara's Violent Unravell  Hex/Tmut       0%         3d3       100%        5


Dungeon Overview and Level Annotations

Branches:
Dungeon (11/15)            Temple (1/1) D:7            Lair (1/5) D:10
    Orc (0/2) D:11        Ossuary (visited)

Altars:
Ashenzari
Cheibriados
Dithmenos
Elyvilon
Fedhas
Gozag
Hepliaklqana
Kikubaaqudgha
Makhleb
Nemelex Xobeh
Okawaru
Qazlal
Ru
Sif Muna
Trog
Uskayaw
Vehumet
Xom
Yredelemnul
Zin
The Shining One

Shops:
D:1 [   D:5 *   D:6 !(   D:9 *   D:10 *   D:11 :

Annotations:
D:3 2 transporters, Grendle's ghost, amateur BaHu
D:7 3 runed translucent doors, fireball365's ghost, novice HOFi
Lair:1 BillyBaka's ghost, journeyman GnAE


Innate Abilities, Weirdness & Mutations

You are small and have problems with some larger weapons.
You are completely attuned to the shadows.
You are clumsy. (Dex -2)
Your flesh is cold resistant. (rC+)
You are dopey. (Int -2)
You are robust. (+10% HP)
You are weak. (Str -2)


Message History

The water moccasin closely misses you. You block the cane toad's attack.
The komodo dragon bites you! The water moccasin bites you.
You have turned to stone.
The cane toad stings you but does no damage.
The water moccasin bites you but does no damage.
The basilisk gazes at you.
You easily resist.
The komodo dragon bites you! The cane toad stings you.
The water moccasin bites you.
The basilisk bites you but does no damage.
The cane toad stings you but does no damage.
The komodo dragon bites you!
The water moccasin bites you but does no damage.
The cane toad stings you but does no damage.
The basilisk bites you.
The water moccasin bites you but does no damage.
The komodo dragon bites you! The cane toad stings you!
The water moccasin barely misses you. The basilisk gazes at you.
You easily resist.
The komodo dragon bites you!
The water moccasin bites you but does no damage.
The cane toad stings you!
* * * LOW HITPOINT WARNING * * *
The basilisk bites you but does no damage.
The komodo dragon bites you!!
* * * LOW HITPOINT WARNING * * *
The water moccasin bites you but does no damage.
The cane toad stings you.
* * * LOW HITPOINT WARNING * * *
The water moccasin bites you but does no damage.
The basilisk barely misses you.
The komodo dragon hisses menacingly.
The komodo dragon bites you!
* * * LOW HITPOINT WARNING * * *
The cane toad stings you!
* * * LOW HITPOINT WARNING * * *
The water moccasin bites you but does no damage.
The basilisk gazes at you.
You easily resist.
The cane toad stings you!
You die...
Xom guffaws!

~... .#
.... .#
... .##
#.#S#..#
...l@..#
+..Fl###
#....#
#....#
.....#


You could see a komodo dragon, a cane toad, a basilisk and a water moccasin.

Vanquished Creatures
  A two-headed ogre (D:9)
  Pikel (D:7)
  A salamander (Lair:1)
  Maurice (D:8)
  4 gargoyles
  2 cane toads (Lair:1)
  3 kobold demonologists
  A rime drake (D:10)
  2 trolls
  4 polar bears
  Prince Ribbit (D:7)
  Grinder (D:3)
  Sigmund (D:4)
  3 shadows
  A wyvern (D:8)
  18 yaks
  2 wraiths (D:10)
  Grum (D:8)
  A steam dragon (D:9)
  Edmund (D:6)
  An acid dragon (D:10)
  6 water moccasins
  4 black bears
  An orc warrior (D:6)
  5 ice beasts
  An ogre (D:5)
  5 wolves
  3 centaurs
  4 phantoms
  3 lemures (D:7)
  2 elf zombies
  3 gnoll sergeants
  A bullfrog (D:9)
  4 scorpions
  12 wights
  2 troll zombies (D:11)
  12 killer bees
  2 howler monkeys (D:7)
  2 centaur zombies (Ossuary)
  6 hounds
  A human zombie (Ossuary)
  An orc priest (D:6)
  2 jellies
  Crazy Yiuf (D:2)
  6 orc wizards
  Jessica (D:3)
  3 human skeletons (D:7)
  2 iguanas (D:6)
  3 sleepcaps
  Terence (D:3)
  9 ogre zombies
  7 mummies (Ossuary)
  9 gnolls
  3 adders
  A shadow imp (D:7)
  3 white imps (D:7)
  5 adder zombies (Ossuary)
  27 orcs
  4 endoplasms
  3 giant cockroaches
  6 goblins
  8 hobgoblins
  7 jackals
  5 kobolds
  2 quokkas
  6 ball pythons
  4 frilled lizards (D:1)
  2 goblin zombies
  8 hobgoblin zombies
  5 kobold zombies (Ossuary)
  10 orc skeletons
  15 orc zombies
  4 quokka zombies (Ossuary)
  7 rats
  6 rat zombies (Ossuary)
316 creatures vanquished.

Vanquished Creatures (others)
  A yak (D:10)
1 creature vanquished.

Grand Total: 317 creatures vanquished

Notes
Turn   | Place    | Note
-------+----------+-------------------------------------------
     0 | D:1      | cent the Kobold Hunter began the quest for the Orb.
     0 | D:1      | Reached XP level 1. HP: 12/12 MP: 1/1
   208 | D:1      | Found Acoergh's Armour Shop.
   345 | D:1      | Reached XP level 2. HP: 17/17 MP: 2/2
   467 | D:1      | Reached skill level 6 in Ranged Weapons
  1068 | D:2      | Reached XP level 3. HP: 21/21 MP: 3/3
  1381 | D:2      | Found a runed translucent door.
  1384 | D:2      | Noticed Crazy Yiuf
  1388 | D:2      | Killed Crazy Yiuf
  1389 | D:2      | Reached skill level 7 in Ranged Weapons
  1389 | D:2      | Reached XP level 4. HP: 26/26 MP: 4/4
  1575 | D:3      | Noticed Jessica
  1584 | D:3      | Killed Jessica
  1640 | D:3      | Reached XP level 5. HP: 27/30 MP: 5/5
  1717 | D:3      | Noticed Terence
  1719 | D:3      | Killed Terence
  1720 | D:3      | Reached skill level 8 in Ranged Weapons
  1745 | D:3      | Found a faded altar of an unknown god.
  2121 | D:3      | Found a transporter.
  2121 | D:3      | Noticed Grendle's ghost (amateur BaHu)
  2126 | D:3      | Noticed Grinder
  2128 | D:3      | Paralysed by Grinder for 4 turns
  2141 | D:3      | Paralysed by Grinder for 2 turns
  2147 | D:3      | Killed Grinder
  2148 | D:3      | Reached skill level 10 in Ranged Weapons
  2148 | D:3      | Reached XP level 6. HP: 19/35 MP: 6/6
  2335 | D:3      | Found a transporter.
  2514 | D:4      | Noticed Sigmund
  2528 | D:4      | Killed Sigmund
  2529 | D:4      | Reached XP level 7. HP: 38/40 MP: 7/7
  2560 | D:4      | Reached skill level 11 in Ranged Weapons
  3369 | D:5      | Entered Level 5 of the Dungeon
  3374 | D:5      | Noticed a water moccasin
  3384 | D:5      | Killed a water moccasin
  3385 | D:5      | Reached skill level 12 in Ranged Weapons
  3385 | D:5      | Reached XP level 8. HP: 39/44 MP: 8/8
  3885 | D:5      | Reached skill level 13 in Ranged Weapons
  4043 | D:5      | Found Ygu Sipt's General Store.
  4127 | D:5      | Bought a potion of curing for 42 gold pieces
  4804 | D:6      | Reached skill level 14 in Ranged Weapons
  4822 | D:6      | Reached XP level 9. HP: 29/48 MP: 9/9
  4952 | D:6      | Found Yguron's Distillery.
  4969 | D:6      | Found Visiron's Antique Weapon Shoppe.
  5239 | D:6      | Reached skill level 15 in Ranged Weapons
  5263 | D:6      | Reached skill level 16 in Ranged Weapons
  5428 | D:6      | Noticed Edmund
  5445 | D:6      | Killed Edmund
  5753 | D:6      | Reached XP level 10. HP: 58/58 MP: 10/10
  5893 | D:7      | Identified the ring "Peixostra" {rN+ Str+3}
  5933 | D:7      | Reached skill level 5 in Dodging
  6028 | D:7      | Reached skill level 5 in Fighting
  6249 | D:7      | Noticed Pikel
  6331 | D:7      | Killed Pikel
  6458 | D:7      | Noticed fireball365's ghost (novice HOFi)
  6506 | D:7      | Found a sand-covered staircase.
  6514 | Ossuary  | Entered an ossuary
  7036 | D:7      | Found a runed translucent gate.
  7041 | D:7      | Found a runed translucent gate.
  7042 | D:7      | Found a runed translucent gate.
  7270 | D:7      | Noticed Prince Ribbit
  7277 | D:7      | Killed Prince Ribbit
  7311 | D:7      | Found a white marble altar of Elyvilon.
  7316 | D:7      | Found a faded altar of an unknown god.
  7318 | D:7      | Found a blossoming altar of Fedhas.
  7319 | D:7      | Found a bloodstained altar of Trog.
  7324 | D:7      | Found a faded altar of an unknown god.
  7345 | D:7      | Found a staircase to the Ecumenical Temple.
  7478 | D:8      | Identified the +1 leather armour of Knowledge {Rampage
                  | *Corrode rPois Dex+2}
  7715 | D:8      | Noticed Grum
  7720 | D:8      | Reached XP level 11. HP: 68/68 MP: 11/11
  7799 | D:8      | Killed Grum
  7880 | D:8      | Noticed Maurice
  7890 | D:8      | Killed Maurice
  8316 | D:9      | Found Toasath's Demolitions Depot.
  8325 | D:9      | Noticed a two-headed ogre
  8330 | D:9      | Reached skill level 10 in Dodging
  8342 | D:9      | Killed a two-headed ogre
  9425 | D:10     | Entered Level 10 of the Dungeon
  9425 | D:10     | Found Fibbamis's Assorted Antiques.
  9478 | Temple   | Entered the Ecumenical Temple
  9584 | Temple   | Became a worshipper of Xom the Random
  9726 | D:10     | Reached skill level 10 in Fighting
  9789 | D:9      | XOM: silly message
  9953 | D:10     | XOM: silly message
  9966 | D:10     | XOM: silly message
  9976 | D:10     | XOM: divination: magic mapping
  9981 | D:10     | XOM: potion effect (haste)
  9986 | D:10     | Reached XP level 12. HP: 43/82 MP: 12/12
  9999 | D:10     | XOM: enchant monster (good)
 10008 | D:10     | Reached skill level 1 in Armour
 10016 | D:10     | XOM: divination: magic mapping
 10035 | D:10     | XOM: noise
 10036 | D:10     | XOM: cast spell 'Summon Ice Beast'
 10063 | D:10     | Reached XP level 13. HP: 44/87 MP: 13/13
 10199 | D:10     | Found a staircase to the Lair.
 10285 | D:10     | Reached skill level 5 in Stealth
 10344 | D:10     | XOM: silly message
 10525 | D:10     | XOM: god gift: potion of heal wounds
 10609 | D:10     | XOM: give mutations
 10609 | D:10     | Gained mutation: You are dopey. (Int -2) [Xom's mischief]
 10609 | D:10     | Gained mutation: You are weak. (Str -2) [Xom's mischief]
 10609 | D:10     | Gained mutation: Your flesh is cold resistant. (rC+) [Xom's
                  | mischief]
 10910 | D:11     | XOM: confusion (+ monsters)
 10926 | D:11     | XOM: confusion (+ monsters)
 11166 | D:11     | XOM: summons 7 hostile demons
 11279 | D:11     | Found Hisijiza's Book Emporium.
 11365 | D:11     | Identified a scroll of acquirement
 11365 | D:11     | Acquired a +2 arbalest of electrocution
 11509 | D:11     | XOM: 9-stop teleportation journey
 11648 | D:11     | Found a staircase to the Orcish Mines.
 11886 | Lair:1   | Entered Level 1 of the Lair of Beasts
 11910 | Lair:1   | XOM: 1-stop teleportation journey
 12009 | Lair:1   | XOM: enchant monster (bad)
 12092 | Lair:1   | Acquired a +2 triple crossbow of freezing
 12093 | Lair:1   | Noticed BillyBaka's ghost (journeyman GnAE)
 12095 | Lair:1   | Noticed a minotaur
 12169 | Lair:1   | XOM: noise
 12175 | Lair:1   | XOM: chaos cloud
 12178 | Lair:1   | Paralysed by you for 2 turns
 12180 | Lair:1   | XOM: polymorph black mamba -> salamander
 12181 | Lair:1   | XOM: torment (10/87 hp)
 12196 | Lair:1   | XOM: 1-stop teleportation journey
 12323 | Lair:1   | XOM: give mutations
 12323 | Lair:1   | Gained mutation: You expend magic power (3 MP) to
                  | strengthen your wands. [Xom's mischief]
 12323 | Lair:1   | Gained mutation: You are clumsy. (Dex -2) [Xom's mischief]
 12323 | Lair:1   | Gained mutation: You are robust. (+10% HP) [Xom's mischief]
 12323 | Lair:1   | Lost mutation: You expend magic power (3 MP) to strengthen
                  | your wands. [Xom's mischief]
 12452 | Lair:1   | Reached skill level 17 in Ranged Weapons
 12475 | Lair:1   | XOM: 1-stop teleportation journey
 12489 | Lair:1   | HP: 1/95 [cane toad (4)]
 12490 | Lair:1   | Slain by a cane toad

Illustrated notes

Levels and vault maps discovered:
D:1:      lemuel_arrival_muddy, layout_basic, serial_shops, shop,
          minmay_box_of_dots
D:2:      layout_rooms, uniq_crazy_yiuf_cottage
D:3:      layout_rooms, gammafunk_ghost_mausoleum,
          hellmonk_ecumenical_altar_crossroads, uniq_terence, uniq_jessica,
          uniq_grinder
D:4:      layout_basic, uniq_sigmund
D:5:      layout_cave_pods, serial_bayou, serial_bayou_pond_a,
          serial_bayou_lagoon_a, serial_bayou_shore_b, serial_bayou_shore_a,
          serial_shops, shop
D:6:      layout_basic, serial_shops, shop, nicolae_shop_hallway_plus,
          minmay_fountain_box, uniq_edmund
D:7:      layout_rooms, chequers_temple_overflow_minitemple, temple_doors_e,
          gammafunk_ghost_split, nicolae_ossuary_entry_catacombs,
          kennysheep_dice, uniq_pikel, uniq_prince_ribbit1
D:8:      layout_cave_pools, uniq_maurice, uniq_grum
D:9:      layout_loops_ring, kennysheep_donut, nicolae_blasting_shop,
          kennysheep_flooded_box
D:10:     layout_loops_ring, hellmonk_lair_entry_icy, serial_shops, shop
D:11:     layout_roguey, zombieorc2_lemuel, serial_shops, shop
Temple:   nicolae_temple_bog_church
Lair:1:   layout_chaotic_city, maelrawn_ghost_gauntlet_escape,
          hangedman_lair_generics_rect, grunt_megastairs_2,
          infiniplex_staircase_pool_2

Skill      XL: |  1  2  3  4  5  6  7  8  9 10 11 12 13 |
---------------+----------------------------------------+-----
Ranged Weapons | 6 7 10 12 14 16 17 | 17.2
Dodging        | 4 9 13 | 13.3
Fighting       | 4 8 12 | 12.3
Stealth        | 4 6 |  6.0
Armour         | 2 4 |  4.1

Action                     |  1- 3 |  4- 6 |  7- 9 | 10-12 | 13-15 || total
---------------------------+-------+-------+-------+-------+-------++-------
   Fire: Shortbow          |    53 |    98 |   267 |   637 |   152 ||  1207
         Arbalest          |       |       |       |       |   114 ||   114
    Use: Scroll            |       |       |    10 |     9 |     9 ||    28
         Potion            |       |       |       |     3 |     2 ||     5
 Armour: Leather armour    |     4 |       |       |       |    23 ||    27
         Robe              |     1 |     9 |    44 |    59 |    20 ||   133
         Skin              |       |       |       |     6 |       ||     6
  Dodge: Dodged            |    14 |    18 |    71 |   241 |   217 ||   561
  Block: Other             |       |     6 |    26 |    62 |    48 ||   142
         Reflection        |       |       |       |     4 |     2 ||     6
